 Dungeon Crawl Stone Soup version 0.20.0-15-g7f486f2 (console) character file.

11006 Kloppie the Carver (level 11, -9/101 HPs)
             Began as a Yellow Draconian Fighter on June 23, 2017.
             Was a Believer of Makhleb.
             Mangled by a wolf spider zombie (14 damage)
             ... on level 14 of the Dungeon.
             The game lasted 00:16:29 (8452 turns).

Kloppie the Carver (Yellow Draconian Fighter)       Turns: 8452, Time: 00:16:30

Health: -9/101     AC: 12    Str: 19    XL:     11   Next: 43%
Magic:  11/11      EV: 17    Int:  8    God:    Makhleb [**....]
Gold:   439        SH:  0    Dex: 20    Spells: 10/10 levels left

rFire    . . .     SeeInvis .   a - +3 long sword
rCold    . . .     Gourm    .   (no shield)
rNeg     . . .     Faith    .   (armour unavailable)
rPois    .         Spirit   .   O - +1 hat
rElec    .         Reflect  .   v - +2 cloak
rCorr    +         Harm     .   (no gloves)
MR       .....                  L - +0 pair of boots
Stlth    ++........             A - amulet of regeneration
Regen    0.7/turn               e - +1 ring of slaying
MPRegen  0.2/turn               H - +6 ring of dexterity

@: no status effects
A: spit acid, acid resistance, unfitting armour, cold-blooded, AC +7
a: Breathe Acid, Minor Destruction, Renounce Religion


You were on level 14 of the Dungeon.
You worshipped Makhleb.
Makhleb was pleased with you.
You were hungry.

You visited 2 branches of the dungeon, and saw 12 of its levels.

You collected 439 gold pieces.

Inventory:

Hand Weapons
 a - a +3 long sword (weapon)
 b - a +0 morningstar
 Q - a +1 scimitar of flaming
Armour
 v - a +2 cloak (worn)
 C - a +0 shield
 L - a +0 pair of boots (worn)
 O - a +1 hat (worn)
Jewellery
 e - a +1 ring of slaying (left hand)
 m - an uncursed ring of protection from cold
 o - an uncursed ring of see invisible
 A - an amulet of regeneration (around neck)
 H - a +6 ring of dexterity (right hand)
 R - an uncursed amulet of guardian spirit
 S - an uncursed amulet of rage
Wands
 f - a wand of confusion (16/48)
 j - a wand of flame (29/48)
 s - a wand of polymorph (11/24)
 t - a wand of random effects (18/48)
 y - a wand of digging (24/24)
 E - a wand of paralysis (6/24)
 K - a wand of polymorph (13/24)
 M - a wand of flame (8/48)
 P - a wand of flame (8/48)
Scrolls
 c - 2 scrolls of teleportation
 k - 5 scrolls of remove curse
 l - a scroll of enchant armour
 n - a scroll of immolation
 w - 2 scrolls of identify
 D - 2 scrolls of enchant weapon
 N - 2 scrolls of fear
 T - 2 scrolls of random uselessness
Potions
 g - 2 potions of haste
 h - 4 potions of curing
 i - a potion of agility
 p - 2 potions of brilliance
 r - 2 potions of mutation
 z - a potion of magic
 B - 2 potions of might
 F - a potion of berserk rage
 J - a potion of lignification {unknown}
Books
 u - a book of Misfortune

   Spells                             Type                      Level
   a - Confusing Touch                Hexes                        1
   b - Confuse                        Hexes                        3
   c - Gell's Gravitas                Translocation                3
   d - Petrify                        Transmutation/Earth          4
   e - Metabolic Englaciation         Hexes/Ice                    5
   f - Yara's Violent Unravelling     Hexes/Transmutation          5
 x - a book of Cantrips

   Spells                             Type                      Level
   a - Confusing Touch                Hexes                        1
   b - Animate Skeleton               Necromancy                   1
   c - Summon Small Mammal            Summoning                    1
   d - Apportation                    Translocation                1
Comestibles
 d - 8 bread rations
 q - 9 meat rations
 G - 2 royal jellies
 I - 27 fruits


   Skills:
 + Level 10.5 Fighting
 + Level 11.2 Long Blades
 - Level 6.2 Dodging
 - Level 10.9 Shields


You had 10 spell levels left.
You didn't know any spells.

Dungeon Overview and Level Annotations

Branches:
Dungeon (9/15)             Temple (1/1) D:5            Lair (0/6) D:8
    Orc: D:9-12

Altars:
Ashenzari
Cheibriados
Dithmenos
Elyvilon
Fedhas
Gozag
Hepliaklqana
Kikubaaqudgha
Makhleb
Nemelex Xobeh
Okawaru
Qazlal
Ru
Sif Muna
Trog
Uskayaw
Vehumet
Xom
Yredelemnul
Zin
The Shining One

Shops:
D:7 }

Annotations:
D:9 2 runed doors


Innate Abilities, Weirdness & Mutations

You can spit globs of acid.
You are resistant to acid.
Your golden yellow scales are hard. (AC +7)
You cannot fit into any form of body armour.
You are cold-blooded and may be slowed by cold attacks.


Message History

The wolf spider zombie bites you.
* * * LOW HITPOINT WARNING * * *
Found an escape hatch in the ceiling.
You slash the wolf spider zombie!
You tail-slap the wolf spider zombie, but do no damage.
The wolf spider zombie is heavily damaged.
The wolf spider zombie misses you.
You riposte.
You slash the wolf spider zombie!
The wolf spider zombie is severely damaged.
The wolf spider zombie closely misses you.
You hit the wolf spider zombie.
The wolf spider zombie is almost destroyed.
The wolf spider zombie hits you!
* * * LOW HITPOINT WARNING * * *
The wolf spider zombie bites you!
* * * LOW HITPOINT WARNING * * *
You hit the wolf spider zombie. You tail-slap the wolf spider zombie.
The wolf spider zombie is almost destroyed.
The wolf spider zombie hits you!
You die...

.........Z........
.....#.#.........
#### #.#..#######
#.#..# #.#..#
#.#..# #Z#..#
#Z#..# #@#
..<........#
#######.#.## #.#.#
#.# # #.# #.# ###


You could see a wolf spider zombie and a meliai zombie.

Vanquished Creatures
  A hydra (D:14)
  The ghost of nago the Grappler, a novice TrEE of Cheibriados (D:8)
  2 two-headed ogres
  An efreet (D:14)
  A troll (D:14)
  A meliai zombie (D:14)
  2 hippogriffs (D:8)
  Sigmund (D:6)
  A steam dragon (D:14)
  A water moccasin (D:9)
  An ice beast (D:8)
  2 orc warriors
  4 black bears
  A sky beast (D:7)
  2 ogres
  A phantom (D:5)
  A crocodile (D:12)
  A big kobold (D:8)
  8 bullfrogs
  7 scorpions
  A howler monkey (D:4)
  6 crimson imps
  2 centaur zombies
  2 bullfrog zombies
  A quasit (D:9)
  A jelly (D:7)
  2 bullfrog skeletons
  2 centaur skeletons
  3 orc priests
  Crazy Yiuf (D:3)
  3 hounds
  Terence (D:2)
  A gnoll shaman (D:6)
  14 orc wizards
  4 worker ants
  The ghost of koelner the Stinger, a weakling DsVM (D:3)
  3 hound skeletons
  3 worker ant zombies
  6 gnolls
  12 adders
  3 shadow imps
  An ooze (D:5)
  An adder skeleton (D:4)
  5 worms
  2 leopard geckos
  40 orcs
  6 giant cockroaches
  15 goblins
  6 hobgoblins
  6 kobolds
  4 quokkas
  12 bats
  3 frilled lizards
  2 leopard gecko skeletons (D:6)
  2 quokka skeletons
  A quokka zombie (D:5)
  8 rats
226 creatures vanquished.

Vanquished Creatures (others)
  18 fungi (D:4)
  A withered plant (D:14)
19 creatures vanquished.

Grand Total: 245 creatures vanquished

Notes
Turn   | Place    | Note
-------+----------+-------------------------------------------
     0 | D:1      | Kloppie the Draconian Fighter began the quest for the Orb.
     0 | D:1      | Reached XP level 1. HP: 19/19 MP: 1/1
    47 | D:1      | Reached XP level 2. HP: 20/26 MP: 2/2
   552 | D:2      | Reached XP level 3. HP: 11/33 MP: 3/3
   578 | D:2      | HP: 1/33 [poisoned by an adder]
   973 | D:2      | Reached skill level 3 in Long Blades
  1063 | D:2      | Noticed Terence
  1071 | D:2      | Killed Terence
  1071 | D:2      | Reached XP level 4. HP: 33/41 MP: 4/4
  1578 | D:3      | Noticed koelner's ghost (weakling DsVM)
  1585 | D:3      | Killed koelner's ghost
  2034 | D:3      | Found a runed door.
  2072 | D:3      | Reached skill level 4 in Long Blades
  2074 | D:3      | Reached skill level 5 in Fighting
  2074 | D:3      | Reached XP level 5. HP: 48/48 MP: 5/5
  2355 | D:3      | Noticed Crazy Yiuf
  2363 | D:3      | Killed Crazy Yiuf
  2651 | D:4      | Reached XP level 6. HP: 38/57 MP: 6/6
  3008 | D:4      | Reached skill level 5 in Long Blades
  3243 | D:4      | Your scales start taking on a golden yellow colour.
  3243 | D:4      | Reached XP level 7. HP: 34/64 MP: 7/7
  3704 | D:4      | Reached skill level 6 in Long Blades
  3805 | D:5      | Entered Level 5 of the Dungeon
  3937 | D:5      | Found a staircase to the Ecumenical Temple.
  3960 | Temple   | Entered the Ecumenical Temple
  4045 | Temple   | Became a worshipper of Makhleb the Destroyer
  4108 | D:5      | Found a sparkling altar of Nemelex Xobeh.
  4274 | D:5      | Reached XP level 8. HP: 54/71 MP: 8/8
  4477 | D:5      | Reached skill level 7 in Long Blades
  5215 | D:6      | Found a glowing golden altar of the Shining One.
  5221 | D:6      | Reached skill level 5 in Dodging
  5236 | D:6      | Reached * piety under Makhleb
  5240 | D:6      | Reached skill level 8 in Long Blades
  5685 | D:6      | Noticed Sigmund
  5700 | D:6      | Killed Sigmund
  5844 | D:6      | Reached XP level 9. HP: 69/78 MP: 9/9
  6024 | D:6      | Reached skill level 9 in Long Blades
  6265 | D:7      | Found Mihicapa's Gadget Boutique.
  6453 | D:7      | Reached ** piety under Makhleb
  6754 | D:8      | Reached skill level 10 in Shields
  6754 | D:8      | Reached XP level 10. HP: 90/90 MP: 10/10
  6756 | D:8      | Noticed nago's ghost (novice TrEE)
  6773 | D:8      | Killed nago's ghost
  6773 | D:8      | Reached skill level 10 in Long Blades
  7353 | D:8      | Noticed a two-headed ogre
  7364 | D:8      | Killed a two-headed ogre
  7364 | D:8      | Reached XP level 11. HP: 78/97 MP: 11/11
  7432 | D:8      | Found a staircase to the Lair.
  7753 | D:9      | Found a runed door.
  7765 | D:9      | Found a runed door.
  7830 | D:9      | Noticed a two-headed ogre
  7839 | D:9      | Killed a two-headed ogre
  8109 | D:9      | You fall through a shaft for 3 floors!
  8164 | D:12     | You fall through a shaft for 2 floors!
  8164 | D:14     | Found a radiant altar of Vehumet.
  8238 | D:14     | Reached skill level 10 in Fighting
  8336 | D:14     | Reached skill level 11 in Long Blades
  8350 | D:14     | Noticed a four-headed hydra
  8370 | D:14     | Killed a four-headed hydra
  8419 | D:14     | Noticed a death knight
  8423 | D:14     | Noticed a skeletal warrior
  8423 | D:14     | Noticed a skeletal warrior
  8451 | D:14     | HP: 5/101 [wolf spider zombie (11)]
  8452 | D:14     | Mangled by a wolf spider zombie

Skill      XL: |  1  2  3  4  5  6  7  8  9 10 11 |
---------------+----------------------------------+-----
Fighting       | 4 5 6 8 9 10 | 10.5
Long Blades    | 3 4 5 6 8 9 10 11 | 11.2
Dodging        | 3 6 |  6.2
Shields        | 10 | 10.9

Action                   |  1- 3 |  4- 6 |  7- 9 | 10-12 || total
-------------------------+-------+-------+-------+-------++-------
Melee: Long sword        |    90 |   170 |   310 |   181 ||   751
       Tailslap          |     6 |    30 |    71 |    49 ||   156
       Morningstar       |       |       |       |     4 ||     4
 Abil: Breathe Acid      |       |       |     3 |     4 ||     7
Evoke: Wand              |       |     1 |       |     2 ||     3
  Use: Potion            |       |     2 |     2 |     1 ||     5
       Scroll            |       |     5 |    13 |     8 ||    26
 Stab: Sleeping          |       |     1 |     4 |     2 ||     7
       Distracted        |       |       |     1 |     1 ||     2
  Eat: Chunk             |     1 |     7 |    12 |     6 ||    26
Armor: Skin              |    26 |    57 |    85 |    60 ||   228
Dodge: Dodged            |    59 |   129 |   228 |   160 ||   576
       Rpst.: Long sword |    16 |    43 |    56 |    40 ||   155
